 Dungeon Crawl Stone Soup version 0.27-a0-906-g0a00ce863d (webtiles) character file.

Game seed: 2482243539478552997

5 jestyr24 the Skirmisher (level 1, -19/20 HPs)
             Began as a Minotaur Abyssal Knight on Apr 8, 2021.
             Was a Follower of Lugonu.
             Demolished by a large abomination (31 damage)
             ... on level 1 of the Abyss.
             The game lasted 00:00:34 (104 turns).

jestyr24 the Skirmisher (Minotaur Abyssal Knight)    Turns: 104, Time: 00:00:35

Health: -19/20     AC:  3    Str: 16    XL:     1   Next: 66%
Magic:  1/1        EV: 11    Int:  9    God:    Lugonu [*.....]
Gold:   22         SH:  0    Dex:  9    Spells: 0/0 levels left

rFire    . . .     SeeInvis .   a - +1 falchion
rCold    . . .     Faith    .   (no shield)
rNeg     . . .     Spirit   .   b - +0 leather armour
rPois    .         Reflect  .   (helmet restricted)
rElec    .         Harm     .   (no cloak)
rCorr    .         Rampage  .   (no gloves)
Will     .....                  (no boots)
Stlth    +.........             (no amulet)
HPRegen  0.06/turn              (no ring)
MPRegen  0.07/turn              (no ring)

@: no status effects
A: horns 2, retaliatory headbutt
a: Renounce Religion, Depart the Abyss


You were on level 1 of the Abyss.
You worshipped Lugonu.
Lugonu was aware of your devotion.
You visited 0 branches of the dungeon, and saw 0 of its levels.
You visited the Abyss 1 time.

You collected 22 gold pieces.

Inventory:

Hand Weapons
 a - a +1 falchion (weapon)
Armour
 b - a +0 leather armour (worn)
 c - a +0 pair of gloves
 d - a +0 leather armour


   Skills:
 + Level 3.9 Fighting
 + Level 2.5 Long Blades
 + Level 2.5 Armour
 + Level 1.1 Dodging
 + Level 1.8 Invocations


You couldn't memorise any spells.
You didn't know any spells.
Your spell library was empty.

Dungeon Overview and Level Annotations

Branches:
Dungeon (0/15)

Altars:


Innate Abilities, Weirdness & Mutations

You have a pair of horns on your head.
You reflexively headbutt those who attack you in melee.


Message History

Welcome, jestyr24 the Minotaur Abyssal Knight.
Will you be the one to retrieve the transcendent Orb of Zot from the depths?
Lugonu says: Depart the Abyss and spread corruption, my servant! (use the ability menu to exit the Abyss) Press ? for a list of commands and other information.
Found 15 gold pieces.
Found a corrupted altar of Lugonu.
Found a gateway leading out of the Abyss.
You now have 15 gold pieces.
Found a corrupted altar of Lugonu.
Found a pair of gloves.
Found a leather armour.
You see here a +0 pair of gloves.
c - a +0 pair of gloves You see here a +0 leather armour.
d - a +0 leather armour
Found a plate armour.
An ufetubus comes into view.
You hit the ufetubus.
The ufetubus is heavily wounded.
The ufetubus hits you. The ufetubus completely misses you.
You hit the ufetubus.
You kill the ufetubus!
A large abomination comes into view.
Found a club.
Found a leather armour.
Found 7 gold pieces.
You see here a +0 club.
You see here 7 gold pieces.
You now have 22 gold pieces (gained 7).
The large abomination hits you.
You barely miss the large abomination. The large abomination hits you!!
Ouch! That really hurt!
You die...

.. .# .# .## ..
### .### . ##.
###..#
#.....#.X@.# # ##
#.......# ## #
##..#..##
..#.####.).#....#
....#..#.##.##.#
......#.##..##...
.## .#........#
##. [.
.##......## #
.#....# .###


You could see a large abomination.

Vanquished Creatures
  An ufetubus (Abyss:1)
1 creature vanquished.

Notes
Turn   | Place    | Note
-------+----------+-------------------------------------------
     0 | Abyss:1  | jestyr24 the Minotaur Abyssal Knight began the quest for
                  | the Orb.
     0 | Abyss:1  | Reached XP level 1. HP: 19/19 MP: 1/1
     8 | Abyss:1  | Found a corrupted altar of Lugonu.
    85 | Abyss:1  | Noticed a large abomination
   104 | Abyss:1  | Demolished by a large abomination

Illustrated notes

Levels and vault maps discovered:
Abyss:1:  base: Temple, base:
Temple

Action                   || total
-------------------------++-------
Melee: Falchion          ||     3
Dodge: Dodged            ||     1

Table legend: (Time is in decaauts)
 A = Elapsed time spent in this place.
 B = Non-inter-level travel time spent in this place.
 C = Inter-level travel time spent in this place.
 D = Time resting spent in this place.
 E = Time spent auto-exploring this place.
 F = Levels seen in this place.
 G = Mean time per level.
                   A        B        C        D        E       F      G
               +--------+--------+--------+--------+--------+-----+--------+
         Total |    104 |    104 |      0 |      0 |     65 |   1 |  104.0 |
         Abyss |    104 |    104 |      0 |      0 |     65 |   1 |  104.0 |
               +--------+--------+--------+--------+--------+-----+--------+

Top non-repeatable levels by time:
 Abyss:1: 104 daAuts
